 Dungeon Crawl Stone Soup version 0.21-a0-442-g848f44b (webtiles) character file.

6463 slep the Slasher (level 11, -8/58 HPs)
             Began as a Vine Stalker Fighter on Nov 17, 2017.
             Was a Believer of Okawaru.
             Mangled by kylix's ghost (11 damage)
             ... on level 8 of the Dungeon.
             The game lasted 00:44:33 (5927 turns).

slep the Slasher (Vine Stalker Fighter)             Turns: 5927, Time: 00:44:34

Health: -8/58      AC:  8    Str: 20    XL:     11   Next: 0%
Magic:  0/12       EV: 18    Int: 10    God:    Okawaru [**....]
Gold:   480        SH: 12    Dex: 16    Spells: 10/10 levels left

rFire    x . .     SeeInvis .   O - +5 flail (freeze)
rCold    + + .     Gourm    .   c - +1 shield
rNeg     . . .     Faith    .   t - +3 leather armour {rC+}
rPois    +         Spirit   +   (helmet restricted)
rElec    .         Reflect  .   S - scarf {repulsion}
rCorr    .         Harm     .   (no gloves)
MR       ++...     Rnd*Tele +   (no boots)
Stlth    ++........             (no amulet)
HPRegen  0.59/turn              i - ring of ice
MPRegen  0.13/turn              J - +5 ring of evasion

@: repel missiles
A: fangs 3, horns 1, yellow scales 1, clever 1, magic resistance 1, poison
resistance, regeneration 1, teleportitis 1, magic shield, antimagic bite, no
potion heal 3, rot immunity
a: Heroism, Renounce Religion


You were on level 8 of the Dungeon.
You worshipped Okawaru.
Okawaru was pleased with you.
You were hungry.

You visited 2 branches of the dungeon, and saw 9 of its levels.
You also visited: Ossuary.

You collected 480 gold pieces.

Inventory:

Hand Weapons
 b - a +2 scimitar of flaming
 u - a +4 whip
 N - a +3 long sword
 O - a +5 flail of freezing (weapon)
 T - a +2 morningstar of crushing
Missiles
 e - 443 stones
 r - 3 javelins
 x - 4 silver tomahawks
 y - 3 tomahawks
 R - 2 throwing nets (quivered)
Armour
 c - a +1 shield (worn)
 q - +0 steam dragon scales
 t - a +3 leather armour of cold resistance (worn)
 S - a scarf of repulsion (worn)
Jewellery
 i - a ring of ice (left hand)
 J - a +5 ring of evasion (right hand)
Wands
 s - a wand of confusion (19/48)
Scrolls
 j - 10 scrolls of identify
 k - a scroll of enchant weapon
 n - 5 scrolls of remove curse
 o - 2 scrolls of immolation
 w - 2 scrolls of enchant armour
 A - a scroll of blinking
 C - a scroll of teleportation
 D - 2 scrolls of recharging {unknown}
 E - a scroll of random uselessness {unknown}
 G - 2 scrolls of fear {unknown}
 K - a scroll of vulnerability {unknown}
 L - a scroll of fog {unknown}
Potions
 a - a potion of resistance
 d - 2 potions of might
 g - 6 potions of curing
 l - 3 potions of agility
 z - 5 potions of lignification {unknown}
 B - a potion of cancellation {unknown}
 F - 2 potions of ambrosia {unknown}
 H - a potion of berserk rage
 I - 2 potions of flight {unknown}
 M - a potion of brilliance
Books
 v - a book of Cantrips

   Spells                             Type                      Level
   a - Confusing Touch                Hexes                        1
   b - Animate Skeleton               Necromancy                   1
   c - Summon Small Mammal            Summoning                    1
   d - Apportation                    Translocation                1
Comestibles
 f - 7 bread rations
 h - 12 fruits
 m - a royal jelly
 p - 5 meat rations


   Skills:
 + Level 6.4 Fighting
 + Level 7.7 Long Blades
   Level 2.3(4.4) Axes
 + Level 5.8(6.1) Maces & Flails
 + Level 0.5 Throwing
 + Level 5.5 Armour
 + Level 4.5 Dodging
 + Level 1.6 Stealth
 + Level 6.2 Shields


You had 10 spell levels left.
You didn't know any spells.

Dungeon Overview and Level Annotations

Branches:
Dungeon (8/15)             Temple (1/1) D:7
   Lair: D:8-11

Altars:
Ashenzari
Cheibriados
Dithmenos
Elyvilon
Fedhas
Gozag
Hepliaklqana
Kikubaaqudgha
Makhleb
Nemelex Xobeh
Okawaru
Qazlal
Ru
Sif Muna
Trog
Uskayaw
Vehumet
Xom
Yredelemnul
Zin
The Shining One

Shops:
D:4 %

Annotations:
D:8 kylix's ghost, novice TrCK


Innate Abilities, Weirdness & Mutations

You have razor-sharp teeth.
Your natural rate of healing is unusually fast.
When hurt, damage is shared between your health and your magic reserves.
Your bite disrupts and absorbs the magic of your enemies.
Potions cannot restore your health.
You are immune to rotting.
You have a pair of small horns on your head.
You are partially covered in yellow scales. (AC +2)
Your mind is acute. (Int +2)
You are resistant to hostile enchantments. (MR+)
Your system is resistant to poisons. (rPois)
You are occasionally teleported next to monsters.


Message History

You headbutt kylix's ghost, but do no damage.
Your bite misses kylix's ghost.
Kylix's ghost is severely damaged.
Kylix's ghost hits you!!
You hit kylix's ghost but do no damage. Your headbutt misses kylix's ghost.
Kylix's ghost is severely damaged.
Kylix's ghost misses you.
You hit kylix's ghost but do no damage. Your bite misses kylix's ghost.
Kylix's ghost is severely damaged.
You block kylix's ghost's attack.
You barely miss kylix's ghost. Your bite misses kylix's ghost.
Kylix's ghost is severely damaged.
Kylix's ghost hits you!!
* * * LOW HITPOINT WARNING * * *
You hit kylix's ghost. You freeze kylix's ghost.
Your headbutt misses kylix's ghost.
You bite kylix's ghost, but do no damage.
Kylix's ghost is severely damaged.
You block kylix's ghost's attack. Kylix's ghost hits you!
You die...

#..# #.# ### #..# #.# ..#
#..# #.# ..# #..# #.#
..#### #..# .....### #..#
.......# #..#
.....#.#############..###.#
..####.#.......W@.........#
.........(<######.....#####
..####.#.............##
.#####.#...######.####
..........#######.#
.#####............# ##
##############


You could see kylix's ghost.

Vanquished Creatures
  Erica (D:8)
  Joseph (D:7)
  Maurice (D:8)
  The ghost of slep the Skirmisher, an amateur TrWn of Elyvilon (Ossuary)
  Prince Ribbit (D:8)
  A hippogriff (D:8)
  2 wyverns
  A steam dragon (D:8)
  Duvessa (D:7)
  An orc warrior (D:6)
  6 ice beasts
  4 sky beasts
  3 phantoms
  A centaur (D:8)
  2 ogres (D:7)
  A big kobold (D:5)
  5 bullfrogs
  Dowan (D:7)
  8 scorpions
  9 wights
  4 crimson imps
  A bullfrog zombie (D:8)
  2 centaur zombies (Ossuary)
  3 jellies
  Crazy Yiuf (D:6)
  2 human zombies (Ossuary)
  An orc priest (D:7)
  4 hounds
  2 bullfrog skeletons
  5 iguanas
  5 orc wizards
  4 worker ants
  2 big kobold zombies (Ossuary)
  A hound zombie (D:7)
  3 mummies (Ossuary)
  A howler monkey skeleton (D:4)
  5 scorpion zombies (Ossuary)
  8 adders
  An adder skeleton (D:5)
  5 dart slugs
  4 leopard geckos
  17 orcs
  A ball python (D:1)
  3 giant cockroaches (D:1)
  4 gnoll zombies (Ossuary)
  11 goblins
  8 hobgoblins
  8 jackals
  28 kobolds
  2 quokkas
  4 bats
  3 frilled lizards
  A goblin zombie (Ossuary)
  A hobgoblin zombie (Ossuary)
  A jackal skeleton (D:4)
  A kobold zombie (Ossuary)
  A quokka skeleton (D:5)
  9 rats
  3 plants (D:5)
221 creatures vanquished.

Vanquished Creatures (others)
  3 scorpions (Ossuary)
  An orc (D:8)
  A goblin zombie (Ossuary)
5 creatures vanquished.

Grand Total: 226 creatures vanquished

Notes
Turn   | Place    | Note
-------+----------+-------------------------------------------
     0 | D:1      | slep the Vine Stalker Fighter began the quest for the Orb.
     0 | D:1      | Reached XP level 1. HP: 11/11 MP: 2/2
    30 | D:1      | Reached XP level 2. HP: 13/16 MP: 3/3
   209 | D:1      | Reached XP level 3. HP: 13/20 MP: 4/4
   455 | D:2      | Reached skill level 2 in Long Blades
   597 | D:2      | Found a bloodstained altar of Trog.
  1146 | D:3      | Gained mutation: Your natural rate of healing is unusually fast. [Vine Stalker growth]
  1146 | D:3      | Reached XP level 4. HP: 22/24 MP: 5/5
  1364 | D:3      | Noticed a phantom
  1405 | D:3      | Killed a phantom
  1405 | D:3      | Reached skill level 3 in Long Blades
  1405 | D:3      | Reached XP level 5. HP: 18/28 MP: 4/6
  1533 | D:4      | Found Irghupt's Food Shoppe.
  1590 | D:4      | Reached XP level 6. HP: 32/32 MP: 7/7
  1647 | D:4      | Reached skill level 4 in Long Blades
  1647 | D:4      | Reached skill level 1 in Dodging
  1661 | D:4      | Found a bloodstained altar of Trog.
  2036 | D:5      | Entered Level 5 of the Dungeon
  2097 | D:6      | Noticed a sky beast
  2108 | D:6      | Killed a sky beast
  2108 | D:6      | Reached XP level 7. HP: 37/37 MP: 8/8
  2137 | D:5      | Gained mutation: You are somewhat resistant to further mutation. [mutagenic meat]
  2144 | D:5      | Gained mutation: You are weak. (Str -2) [mutagenic meat]
  2148 | D:5      | Gained mutation: You expend magic power (3 MP) to strengthen your wands. [mutagenic meat]
  2177 | D:6      | HP: 1/37 [orc warrior/broad axe (8)]
  2250 | D:7      | Lost mutation: You are weak. (Str -2) [potion of mutation]
  2250 | D:7      | Lost mutation: You are somewhat resistant to further mutation. [potion of mutation]
  2250 | D:7      | Gained mutation: You have a pair of small horns on your head. [potion of mutation]
  2250 | D:7      | Gained mutation: You are partially covered in thin metallic scales. (AC +2) [potion of mutation]
  2250 | D:7      | Gained mutation: You are resistant to hostile enchantments. (MR+) [potion of mutation]
  2256 | D:6      | Reached skill level 5 in Long Blades
  2423 | D:6      | Found a sand-covered staircase.
  2431 | Ossuary  | Entered an ossuary
  2501 | Ossuary  | Noticed slep's ghost (amateur TrWn)
  2521 | Ossuary  | Gained mutation: You have razor-sharp teeth. [Vine Stalker growth]
  2521 | Ossuary  | Reached XP level 8. HP: 8/42 MP: 3/9
  2530 | Ossuary  | Killed slep's ghost
  2530 | Ossuary  | Reached skill level 1 in Maces & Flails
  2955 | D:5      | Reached XP level 9. HP: 46/46 MP: 10/10
  3398 | D:5      | Reached skill level 6 in Long Blades
  3518 | D:5      | Found a deep blue altar of Sif Muna.
  3530 | D:5      | Reached skill level 5 in Shields
  3534 | D:5      | Lost mutation: You are partially covered in thin metallic scales. (AC +2) [mutagenic meat]
  3535 | D:5      | Gained mutation: Your mind is acute. (Int +2) [mutagenic meat]
  3537 | D:5      | Lost mutation: Your mind is acute. (Int +2) [mutagenic meat]
  3541 | D:5      | Found an ancient bone altar of Kikubaaqudgha.
  3541 | D:5      | Found a blossoming altar of Fedhas.
  3579 | D:5      | Found a shattered altar of Ashenzari.
  3585 | D:5      | Found a burning altar of Makhleb.
  3609 | D:5      | Found a shadowy altar of Dithmenos.
  3928 | D:6      | Found a runed door.
  3932 | D:6      | Noticed Crazy Yiuf
  3937 | D:6      | Killed Crazy Yiuf
  4022 | D:7      | Reached skill level 5 in Fighting
  4047 | D:7      | Noticed Dowan
  4048 | D:7      | Noticed Duvessa
  4060 | D:7      | Killed Duvessa
  4061 | D:7      | Found a glowing golden altar of the Shining One.
  4061 | D:7      | Found a snail-covered altar of Cheibriados.
  4070 | D:7      | Killed Dowan
  4180 | D:7      | Gained mutation: Your mind is acute. (Int +2) [mutagenic meat]
  4181 | D:7      | Gained mutation: You are occasionally teleported next to monsters. [mutagenic meat]
  4182 | D:7      | Gained mutation: Your system is resistant to poisons. (rPois) [mutagenic meat]
  4183 | D:7      | Lost mutation: You expend magic power (3 MP) to strengthen your wands. [mutagenic meat]
  4184 | D:7      | Gained mutation: You are partially covered in yellow scales. (AC +2) [mutagenic meat]
  4237 | D:7      | Reached skill level 7 in Long Blades
  4237 | D:7      | Reached skill level 5 in Armour
  4237 | D:7      | Reached XP level 10. HP: 27/51 MP: 9/11
  4320 | D:7      | Found a hazy altar of Hepliaklqana.
  4341 | D:7      | Noticed Joseph
  4353 | D:7      | Killed Joseph
  4353 | D:7      | Reached skill level 1 in Stealth
  4537 | D:7      | Found a staircase to the Ecumenical Temple.
  4550 | Temple   | Entered the Ecumenical Temple
  4572 | Temple   | Became a worshipper of Warmaster Okawaru
  5197 | D:8      | Noticed kylix's ghost (novice TrCK)
  5210 | D:8      | Noticed Maurice
  5224 | D:7      | Reached skill level 1 in Axes
  5504 | D:8      | Killed Maurice
  5504 | D:8      | Reached * piety under Okawaru
  5558 | D:8      | Reached skill level 5 in Maces & Flails
  5785 | D:8      | Noticed Prince Ribbit
  5793 | D:8      | Killed Prince Ribbit
  5838 | D:8      | Noticed Erica
  5846 | D:8      | Killed Erica
  5846 | D:8      | Reached ** piety under Okawaru
  5846 | D:8      | Reached XP level 11. HP: 58/58 MP: 12/12
  5926 | D:8      | HP: 2/58 [kylix's ghost (18)]
  5927 | D:8      | Mangled by kylix's ghost

Vault maps used:
D:1:      scummos_arrival_simple_fountains
D:2:      trog_hazing_becter
D:4:      lightli_temple_of_fire, serial_shops, shop, lemuel_old_faithful
D:5:      kennysheep_kobold_camp, nicolae_dithmenos_the_darkroom,
          minmay_overflow_temple_star_hex, first_bread, minmay_strange_pillars,
          palyth_stone_intersect
D:6:      nicolae_ossuary_entry_plus, uniq_crazy_yiuf_cottage
D:7:      grunt_temple_overflow_open, nicolae_overflow_crystal_walls,
          minmay_temple_entry_poolview, grunt_ogre_cave,
          hangedman_abyss_or_decor_stagger, patterned_corridor, uniq_duvessa,
          uniq_joseph
D:8:      uniq_prince_ribbit1, uniq_erica, uniq_maurice
Temple:   minmay_temple_bridge_abc
Ossuary:  ossuary_minmay_scorpions

Skill      XL: |  1  2  3  4  5  6  7  8  9 10 |
---------------+-------------------------------+-----
Fighting       | 3 4 5 6 |  6.4
Shields        | 3 4 5 6 |  6.2
Long Blades    | 2 3 4 5 7 |  7.7
Armour         | 3 4 5 |  5.5
Dodging        | 1 2 3 4 |  4.5
Maces & Flails | 3 4 5 |  5.8
Stealth        | 1 |  1.6
Axes           | 2 |  2.3
Throwing       | |  0.5

Action                   |  1- 3 |  4- 6 |  7- 9 | 10-12 || total
-------------------------+-------+-------+-------+-------++-------
Melee: Long sword        |   127 |   116 |   196 |    41 ||   480
       Bite              |    31 |    36 |   175 |    61 ||   303
       Whip              |       |       |   204 |       ||   204
       Headbutt          |       |       |   119 |    45 ||   164
       War axe           |       |       |       |    61 ||    61
       Flail             |       |       |       |    67 ||    67
Throw: Throwing net      |       |       |     1 |     1 ||     2
       Stone             |       |       |     9 |       ||     9
  Use: Potion            |       |       |     8 |     1 ||     9
       Scroll            |       |       |       |    10 ||    10
  Eat: Chunk             |     1 |     2 |    20 |     5 ||    28
       Bread ration      |       |       |     1 |       ||     1
Armor: Scale mail        |    71 |    44 |    77 |       ||   192
       Leather armour    |       |       |       |    23 ||    23
       Steam dragon scal |       |       |       |     2 ||     2
Dodge: Dodged            |    49 |    31 |   127 |    86 ||   293
       Deflected         |       |       |       |     5 ||     5
Block: Shield            |    82 |    61 |   132 |    80 ||   355
       Rpst.: Long sword |    13 |     7 |    27 |     9 ||    56

Table legend:
 A = Spawn XP
 B = Non-spawn XP
 C = Spawn XP percentage of total XP
 D = Spawn monster count
 E = Non-spawn monster count
 F = Spawn count percentage of total count
 G = Total turns spent on level
                    A         B        C        D         E        F      G
               +---------+---------+-------+---------+---------+-------+---------
         Total |       0 |    9233 |   0.0 |       0 |     220 |   0.0 |  5927
               +---------+---------+-------+---------+---------+-------+---------
           D:1 |       0 |      41 |   0.0 |       0 |      22 |   0.0 |   448
           D:2 |       0 |      39 |   0.0 |       0 |      22 |   0.0 |   647
           D:3 |       0 |     152 |   0.0 |       0 |      12 |   0.0 |   438
           D:4 |       0 |     258 |   0.0 |       0 |      15 |   0.0 |   505
           D:5 |       0 |    1317 |   0.0 |       0 |      44 |   0.0 |   923
           D:6 |       0 |     612 |   0.0 |       0 |      14 |   0.0 |   630
           D:7 |       0 |    2360 |   0.0 |       0 |      33 |   0.0 |  1235
           D:8 |       0 |    3267 |   0.0 |       0 |      27 |   0.0 |   653
       Ossuary |       0 |    1187 |   0.0 |       0 |      31 |   0.0 |   403
               +---------+---------+-------+---------+---------+-------+---------
